 Dungeon Crawl Stone Soup version 0.24-a0-535-gbb0d440 (webtiles) character file.

Game seed: 1869905489945520229

19 TheGoonsmith the Sneak (level 2, -1/13 HPs)
             Began as a Vine Stalker Enchanter on Aug 10, 2019.
             Slain by a hound (2 damage)
             ... on level 2 of the Dungeon.
             The game lasted 00:01:09 (865 turns).

TheGoonsmith the Sneak (Vine Stalker Enchanter)      Turns: 865, Time: 00:01:10

Health: -1/13      AC:  2    Str: 10    XL:     2   Next: 75%
Magic:  0/6        EV: 12    Int: 15    God:
Gold:   44         SH:  0    Dex: 14    Spells: 4/5 levels left

rFire    . . .     SeeInvis .   a - +1 dagger
rCold    . . .     Gourm    .   (no shield)
rNeg     . . .     Faith    .   b - +0 robe
rPois    .         Spirit   +   (no helmet)
rElec    .         Reflect  .   (no cloak)
rCorr    .         Harm     .   (no gloves)
MR       .....                  (no boots)
Stlth    +++.......             (no amulet)
HPRegen  0.04/turn              (no ring)
MPRegen  0.10/turn              (no ring)

@: no status effects
A: fangs 2, magic shield, antimagic bite, no potion heal 3, rot immunity
a: no special abilities


You were on level 2 of the Dungeon.
You were not hungry.

You visited 1 branch of the dungeon, and saw 2 of its levels.

You collected 44 gold pieces.

Inventory:

Hand Weapons
 a - a +1 dagger (weapon)
Armour
 b - a +0 robe (worn)
Scrolls
 f - 2 scrolls of immolation {unknown}
 g - 2 scrolls of remove curse {unknown}
Potions
 c - a potion of curing {unknown}
 e - a potion of degeneration {unknown}
Comestibles
 d - a ration


   Skills:
 * Level 1.5 Short Blades
 + Level 1.8 Dodging
 + Level 3.9 Stealth
 - Level 2.1 Spellcasting
 + Level 3.2 Hexes


You had 4 spell levels left.
You knew the following spells:

 Your Spells              Type           Power        Failure   Level  Hunger
a - Corona                Hex            ##.....      6%          1    #......

Your spell library contained the following spells:

 Spells                   Type           Power        Failure   Level  Hunger
 Ensorcelled Hibernation  Hex/Ice        #.....       17%         2    ###....
 Confuse                  Hex            ##......     19%         3    ###....
 Tukima's Dance           Hex            ##......     19%         3    ###....
 Dazzling Spray           Conj/Hex       #.....       34%         3    ###....


Dungeon Overview and Level Annotations

Branches:
Dungeon (2/15)

Altars:


Innate Abilities, Weirdness & Mutations

You have extremely sharp teeth.
When hurt, damage is shared between your health and your magic reserves.
Your bite disrupts and absorbs the magic of your enemies.
Potions cannot restore your health.
You are immune to rotting.


Message History

Casting: Corona (safe; 6% risk of failure)
Confirm with . or Enter, or press ? or * to list all spells.
Aiming: Corona (safe; 6% risk of failure)
Press: ? - help, Shift-Dir - straight line, f - hound
Aim: a hound (heavily wounded, chance to defeat MR: 55%)
The hound is outlined in light.
The hound misses you.
You hit the hound but do no damage. Your bite misses the hound.
The hound is heavily wounded.
The hound bites you.
* * * LOW HITPOINT WARNING * * *
You barely miss the hound. You bite the hound. You drain its power.
You feel invigorated.
The hound is severely wounded.
The hound bites you.
* * * LOW HITPOINT WARNING * * *
The hound bites you.
You hit the hound.
The hound is almost dead.
The hound stops glowing.
The hound bites you.
You die...

#....#####
####..#............
#.....#######.....
#..##..# ####...... #..
#..# #[......? ..
#..###.......# .
#..##...# #g. #..##..#
#h# #..##..# #@# #
#...†..####(#####.
...###...†.....(........
..................####..
..................#
.##.#..†#.##.##...#
#......#.##.##.###
#.##...#.##.##.# ..
#....#.##.....


You could see a hound and a goblin.

Vanquished Creatures
  A giant cockroach (D:2)
  3 hobgoblins (D:1)
  4 jackals (D:1)
  A kobold (D:1)
  A bat (D:1)
  A frilled lizard (D:2)
  4 goblins
  A rat (D:2)
16 creatures vanquished.

Notes
Turn   | Place    | Note
-------+----------+-------------------------------------------
     0 | D:1      | TheGoonsmith the Vine Stalker Enchanter began the quest for
                  | the Orb.
     0 | D:1      | Reached XP level 1. HP: 9/9 MP: 4/4
    67 | D:1      | Reached skill level 1 in Short Blades
   220 | D:1      | Reached XP level 2. HP: 13/13 MP: 6/6
   865 | D:2      | Slain by a hound

Levels and vault maps discovered:
D:1:      dpeg_arrival_tiny_b, layout_basic
D:2:      layout_rooms, first_ration

Skill      XL: |  1 |
---------------+----+-----
Short Blades   | 1 |  1.5
Dodging        | |  1.8
Stealth        | |  3.9
Spellcasting   | |  2.1
Hexes          | |  3.2

Action                   || total
-------------------------++-------
Melee: Dagger            ||    53
       Bite              ||     9
 Cast: Corona            ||     1
 Stab: Sleeping          ||     1
Armor: Robe              ||     9
Dodge: Dodged            ||    33

Table legend:
 A = Non-vault XP
 B = Vault XP
 C = Vault XP percentage of total XP
 D = Non-vault monster count
 E = Vault monster count
 F = Vault count percentage of total count
                 A         B        C        D         E       F
            +---------+---------+-------+---------+---------+-------
      Total |      28 |       0 |   0.0 |      16 |       0 |   0.0
            +---------+---------+-------+---------+---------+-------
        D:1 |      20 |       0 |   0.0 |      11 |       0 |   0.0
        D:2 |       8 |       0 |   0.0 |       5 |       0 |   0.0
            +---------+---------+-------+---------+---------+-------
